 Dungeon Crawl Stone Soup version 0.25-a0-1024-gbfbf38f (webtiles) character file.

Game seed: 17321887653436721691, levelgen mode: deterministic

1325 BlueFish the Grasshopper (level 8, -2/54 HPs)
             Began as an Octopode Warper on May 12, 2020.
             Killed from afar by an orc wizard (10 damage)
             ... with a magic dart
             ... on level 5 of the Dungeon on May 13, 2020.
             The game lasted 00:16:40 (6289 turns).

BlueFish the Grasshopper (Octopode Warper)          Turns: 6289, Time: 00:16:40

Health: -2/54      AC:  1    Str: 12    XL:     8   Next: 60%
Magic:  8/12       EV: 15    Int: 15    God:
Gold:   209        SH:  0    Dex: 12    Spells: 3/13 levels left

rFire    . . .     SeeInvis .     - Unarmed
rCold    . . .     Gourm    +   (no shield)
rNeg     . . .     Faith    .   (helmet restricted)
rPois    .         Spirit   .   h - amulet of the gourmand
rElec    .         Reflect  .   y - ring of resist corrosion
rCorr    +         Harm     .   (no ring)
MR       .....                  (no ring)
Stlth    ++++......             (no ring)
HPRegen  0.18/turn              (no ring)
MPRegen  0.13/turn              (no ring)
                                (no ring)
                                (no ring)

@: shrouded
A: almost no armour, stealthy swim, amphibious, 8 rings, constrict 8, camouflage
1, gelatinous body 1
a: no special abilities


You were on level 5 of the Dungeon.
You were full.

You visited 1 branch of the dungeon, and saw 5 of its levels.

You collected 209 gold pieces.

Inventory:

Hand Weapons
 a - a +2 falchion of flaming
 x - a +2 whip of electrocution
Missiles
 c - 5 boomerangs of dispersal
 i - 187 stones (quivered)
 o - 12 poisoned darts
 w - 31 arrows
Jewellery
 h - an amulet of the gourmand (around mantle)
 y - a ring of resist corrosion (left tentacle)
Wands
 s - a wand of acid (9)
 t - a wand of random effects (24)
Scrolls
 b - a scroll of blinking
 e - a scroll of magic mapping
 f - a scroll of amnesia
 j - 2 scrolls of teleportation
 m - a scroll of remove curse
Potions
 g - a potion of berserk rage
 k - 4 potions of curing
 l - 2 potions of lignification
 n - a potion of flight {unknown}
 p - a potion of cancellation {unknown}
 q - 2 potions of brilliance {unknown}
 r - a potion of ambrosia {unknown}
 u - 2 potions of stabbing {unknown}
 v - a potion of haste
Comestibles
 d - 7 rations


   Skills:
 * Level 3.8 Fighting
 * Level 3.6 Throwing
 * Level 4.3 Dodging
 * Level 4.6 Stealth
 * Level 4.8 Unarmed Combat
 + Level 3.3 Spellcasting
 + Level 2.0 Charms
 * Level 5.2 Translocations


You had 3 spell levels left.
You knew the following spells:

 Your Spells              Type           Power        Failure   Level  Hunger
a - Shroud of Golubria    Chrm/Tloc      ##....       6%          2    ##.....
b - Blink                 Tloc           N/A          3%          2    ##.....
c - Lesser Beckoning      Tloc           ###.......   7%          3    ###....
d - Teleport Other        Tloc           ###.....     7%          3    ###....

Your spell library contained the following spells:

 Spells                   Type           Power        Failure   Level  Hunger
 Gell's Gravitas          Tloc           ###.......   7%          3    ###....
 Passage of Golubria      Tloc           N/A          22%         4    #####..


Dungeon Overview and Level Annotations

Branches:
Dungeon (5/15)
 Temple: D:4-7

Altars:
Qazlal
Yredelemnul

Shops:
D:4 }


Innate Abilities, Weirdness & Mutations

You cannot wear most types of armour.
You are very stealthy in the water. (Stealth+)
You are amphibious.
You can wear up to eight rings at the same time.
You can use your tentacles to constrict eight enemies at once.
Your skin changes colour to match your surroundings (Stealth+).
Your rubbery body absorbs attacks. (AC +1, EV +1)


Message History

Something barely misses you. The adder zombie misses you.
You miss something. You constrict the adder zombie.
You destroy the adder zombie!
Something hits you but does no damage.
Casting: Shroud of Golubria (safe; 6% risk of failure)
Confirm with . or Enter, or press ? or * to list all spells.
Space distorts slightly along a thin shroud covering your body.
Something barely misses you.
You miss something. You tentacle-slap something. You squeeze something!
You hear some strange, mumbled words.
A puff of flame appears from out of thin air!
The puff of flame hits you.
* * * LOW HITPOINT WARNING * * *
Okay, then.
You miss something. You miss something. Your squeeze misses something.
You hear some strange, mumbled words.
A magic dart appears from out of thin air!
The magic dart hits you!
You die...

........ ........
#... .#######
#..# .# .... .#
#..# .# #..# ##
#..# ######).#
#.....{@##
####<##.##..###s.
................#
###..#.##..#####
# ##.#.## ##..#
##.# #.# #.# #.#
#.# #.#


There were no monsters in sight!

Vanquished Creatures
  Pikel (D:4)
  A sky beast (D:5)
  3 slaves (D:4)
  A phantom (D:4)
  An ogre (D:4)
  2 scorpions
  A bullfrog zombie (D:5)
  4 orc priests
  3 orc wizards
  Ijyb (D:4)
  A worker ant (D:4)
  3 gnolls (D:2)
  8 adders
  A shadow imp (D:3)
  An ooze (D:3)
  An adder zombie (D:5)
  An adder skeleton (D:5)
  2 worms
  3 dart slugs (D:1)
  2 leopard geckos
  14 orcs
  3 giant cockroaches
  8 goblins
  11 hobgoblins
  10 kobolds
  2 quokkas
  A ball python (D:2)
  6 bats
  3 frilled lizards
  A leopard gecko skeleton (D:4)
  11 rats
111 creatures vanquished.

Notes
Turn   | Place    | Note
-------+----------+-------------------------------------------
     0 | D:1      | BlueFish the Octopode Warper began the quest for the Orb.
     0 | D:1      | Reached XP level 1. HP: 14/14 MP: 3/3
   339 | D:1      | Reached XP level 2. HP: 19/19 MP: 5/5
   346 | D:1      | Learned a level 2 spell: Shroud of Golubria
   349 | D:1      | Learned a level 2 spell: Blink
   918 | D:1      | Reached XP level 3. HP: 24/24 MP: 6/6
  1337 | D:1      | Reached skill level 1 in Stealth
  1722 | D:2      | Reached XP level 4. HP: 15/29 MP: 4/7
  1729 | D:2      | Learned a level 3 spell: Lesser Beckoning
  1907 | D:2      | Reached XP level 5. HP: 34/35 MP: 6/8
  2077 | D:2      | Found a stormy altar of Qazlal.
  2610 | D:3      | Reached skill level 1 in Charms
  2610 | D:3      | Reached XP level 6. HP: 23/41 MP: 7/9
  3373 | D:3      | Found a basalt altar of Yredelemnul.
  3642 | D:4      | Found Tuugub's Gadget Emporium.
  3642 | D:4      | Noticed a slave
  3669 | D:4      | Noticed Pikel
  3669 | D:4      | Noticed a slave
  3669 | D:4      | Noticed a slave
  3670 | D:4      | Noticed a slave
  3879 | D:4      | Killed a slave
  3916 | D:4      | Killed a slave
  4113 | D:4      | Reached skill level 4 in Translocations
  4169 | D:4      | Noticed Ijyb
  4186 | D:4      | Killed Ijyb
  4186 | D:4      | Reached XP level 7. HP: 32/46 MP: 8/11
  4191 | D:4      | Learned a level 3 spell: Teleport Other
  4368 | D:4      | HP: 1/46 [orc priest/divine providence (14)]
  5576 | D:4      | Killed Pikel
  5576 | D:4      | Reached XP level 8. HP: 7/54 MP: 5/12
  5939 | D:5      | Entered Level 5 of the Dungeon
  6043 | D:5      | Reached skill level 5 in Translocations
  6289 | D:5      | Killed from afar by an orc wizard

Illustrated notes

Levels and vault maps discovered:
D:1:      roderic_dead_forest, layout_basic
D:2:      layout_basic, lemuel_doored_altar
D:3:      layout_loops_ring, yredelemnul_altar_generic, first_ration,
          small_statue_intersection, minmay_randomly_rotated_circles
D:4:      layout_basic, serial_shops, shop, uniq_ijyb, uniq_pikel
D:5:      layout_loops_ring, kennysheep_okawaru_gauntlet, serial_shops,
          nicolae_shop_waterfront

Skill      XL: |  1  2  3  4  5  6  7  8 |
---------------+-------------------------+-----
Stealth        | 1 2 3 4 |  4.6
Dodging        | 3 4 |  4.3
Throwing       | 2 3 |  3.6
Unarmed Combat | 3 4 |  4.8
Charms         | 1 2 |  2.0
Translocations | 4 5 |  5.2
Fighting       | 3 |  3.8
Spellcasting   | 3 |  3.3

Action                   |  1- 3 |  4- 6 |  7- 9 || total
-------------------------+-------+-------+-------++-------
Melee: Unarmed           |    77 |   150 |   119 ||   346
       Constrict         |    23 |    40 |    20 ||    83
       Tentacles         |    14 |    33 |    23 ||    70
       Punch             |     2 |     8 |     2 ||    12
Throw: Dart              |       |    15 |     6 ||    21
       Stone             |       |       |    30 ||    30
 Cast: Shroud of Golubri |    13 |    33 |    24 ||    70
       Blink             |       |       |     7 ||     7
  Use: Scroll            |     4 |     7 |     3 ||    14
       Potion            |       |       |     1 ||     1
 Stab: Sleeping          |     3 |     8 |     5 ||    16
       Distracted        |       |       |     1 ||     1
  Eat: Chunk             |     4 |    21 |     6 ||    31
Armor: Skin              |     4 |     6 |     4 ||    14
Dodge: Dodged            |    44 |    65 |    67 ||   176

Table legend:
 A = Non-vault XP
 B = Vault XP
 C = Vault XP percentage of total XP
 D = Non-vault monster count
 E = Vault monster count
 F = Vault count percentage of total count
                 A         B        C        D         E       F
            +---------+---------+-------+---------+---------+-------
      Total |    1196 |     697 |  36.8 |     100 |       8 |   7.4
            +---------+---------+-------+---------+---------+-------
        D:1 |      54 |       0 |   0.0 |      29 |       0 |   0.0
        D:2 |     128 |       0 |   0.0 |      21 |       0 |   0.0
        D:3 |     206 |      20 |   8.8 |      20 |       6 |  23.1
        D:4 |     482 |     677 |  58.4 |      19 |       2 |   9.5
        D:5 |     326 |       0 |   0.0 |      11 |       0 |   0.0
            +---------+---------+-------+---------+---------+-------
